Description

This build is for my own purposes as a player looking to open safer against the endless barrage of cheese that I face.

This build opens with a gas, pool, hatch to get out 4 lings and a Queen early while still following the rough benchmarks that a hatch, gas, pool would follow.

Pro's pull from gas to gain extra minerals to start 3rd faster.

_6:00 Serral Benchmark: 61 drones, 1/1 on the way, centrifugal hooks on the way, 31 zerglings, 7 Queens, 4 Base starting._

VOD

https://www.youtube.com/watch?v=ZOY5ctizPK0&ab_channel=LowkoTV

Build Order

Get SALT Encoding   

  13  0:12  Overlord  
  17  0:44   Extractor  
  17  0:50   Spawning Pool  
  18  1:18   Hatchery  @finish: Queen and Pull 2nd Drone off Gas
  18  1:36   Queen  inject main, tumour main, natural
  20  1:37   Zergling x2  
  21  1:45   Metabolic Boost  Take 1 drone off gas
  22  1:52   Overlord  
  22  2:12  Queen  @1st Queen
  27  2:29   Queen  @Natural
  31  2:49   Pneumatized Carapace  @2nd Queen finish in main
  36  2:54   Overlord  @36 Overlord, 3rd Hatch
  36  3:08  Hatchery  3rd: Drones back on Gas
  37  3:25   Overlord  @Ovie speed complete, keep scouting after each macro cycle
  40  3:29   Zergling  
  40  3:33   Queen  @Natural
  43  3:43   Overlord  
  43  3:48  Zergling x2  
  51  4:03  Zergling  
  52  4:10   Queen  
  54  4:12   Zergling x2  
  56  4:18   Baneling Nest  
  56  4:21   Queen  
  62  4:34   Zergling  
  65  4:42   Lair  
  72  4:59   Extractor x2  @3 base minerals, take 2 extractors and 2 Evo's
  73  5:14  Evolution Chamber x2  @3 base minerals
  72  5:21   Queen  
  83  5:37  Extractor  
  83  5:39   Centrifugal Hooks  
  88  5:50   Zerg Ground Armor Level 1  + Missile or Melee 1
  91  6:11  Hatchery  +Macro Hatch @3base saturation and produce units + tech
  92  6:14  Overseer  For scouting
  100  6:28  Infestation Pit  
Spawning Tool Build Advisor. Get it on Overwolf

Analysis

VS Terran:

First 4 lings try to sneak around Reaper to kill SCV building CC and marines if possible.

Against 1/1/1 especially:

4:00 Roach Warren 4:30 Spores _Faster lair and spores when Tech Lab is scouted on starport_

@Scouted Bio transition: 4:00-4:20 Baneling Nest 4:30-4:45 Lair

Go to:

Details

  • Created by: ANTI   
  • Published on: Mar 27, 2024
  • Modified on: Mar 27, 2024
  • Patch: 5.0.11
  • Difficulty: Medium
Show
View Real Time Build Order
Export as new Build Order

Comments (0)

There are no comments. Be the first!

Create an account to comment!